 Dungeon Crawl Stone Soup version 0.29-a0-297-g7659ce593d (webtiles) character file.

Game seed: 4809602781158087546

4663 Ajdolov the Whirler (level 10, -1/61 HPs)
             Began as a Spriggan Hunter on Mar 21, 2022.
             Was a Believer of Hepliaklqana.
             Succumbed to a kobold brigand's curare-tipped dart
             ... on level 7 of the Dungeon.
             The game lasted 00:14:12 (8792 turns).

Ajdolov the Whirler (Spriggan Hunter)               Turns: 8792, Time: 00:14:13

Health: -1/61      AC: 25    Str:  7    XL:     10   Next: 20%
Magic:  20/20      EV:  4    Int: 11    God:    Hepliaklqana [**....]
Gold:   340        SH:  0    Dex: 23    Spells: 9/9 levels left

rFire   . . .      SeeInvis +   a - +1 hunting sling
rCold   . . .      Faith    .   (no shield)
rNeg    . . .      Spirit   .   (body armour currently unavailable)
rPois   +          Reflect  .   (helmet currently unavailable)
rElec   .          Harm     .   (cloak currently unavailable)
rCorr   .          Rampage  .   (gloves unavailable)
Will    ++...      NoTele   +   (boots unavailable)
Stlth   ++++++....              (no amulet)
HPRegen 0.20/turn               n - ring of magical power
MPRegen 0.17/turn               t - ring of willpower

@: mighty, brilliant, lethally poisoned (-1 -> -7), tree-form, slowed, very slow
A: stationary, stasis, torment immunity, boosted hp, reduced essence, very
small, no large weapons, unfitting armour, see invisible, (speed 3)
a: Renounce Religion, Recall Ancestor, Ancestor Identity


You were on level 7 of the Dungeon.
You worshipped Hepliaklqana.
Hepliaklqana was pleased with you.
You were a tree.
You visited 1 branch of the dungeon, and saw 7 of its levels.

You collected 340 gold pieces.

Inventory:

Hand Weapons
 a - a +1 hunting sling (weapon)
Missiles
 p - 8 poisoned darts
 z - 3 curare-tipped darts
Armour
 b - a +0 robe
 A - +0 acid dragon scales (melded)
Jewellery
 n - a ring of magical power (left branch)
 t - a ring of willpower (right branch)
Wands
 r - a wand of iceblast (5)
 u - a wand of flame (39)
Scrolls
 c - 2 scrolls of immolation
 e - 2 scrolls of teleportation
 f - a scroll of fear {unknown}
 i - 2 scrolls of noise {unknown}
 k - a scroll of silence {unknown}
 o - 5 scrolls of identify {unknown}
 v - 3 scrolls of enchant armour {unknown}
 w - 2 scrolls of vulnerability {unknown}
 x - a scroll of enchant weapon {unknown}
 y - a scroll of brand weapon {unknown}
Potions
 d - 3 potions of lignification
 g - a potion of curing {unknown}
 h - a potion of heal wounds {unknown}
 j - a potion of might
 l - a potion of attraction {unknown}
 m - a potion of invisibility {unknown}
 q - a potion of mutation {unknown}
 s - a potion of brilliance


   Skills:
 - Level 1.5 Fighting
 * Level 15.1 Slings
 - Level 2.6 Dodging
 + Level 13.3 Stealth


You had 9 spell levels left.
You didn't know any spells.
Your spell library contained the following spells:

 Spells                   Type           Power      Damage    Failure   Level
 Magic Dart               Conj           0%         1d3       34%         1
 Corpse Rot               Necr/Air       0%         N/A       47%         2
 Poisonous Vapours        Pois/Air       0%         N/A       47%         2
 Searing Ray              Conj           0%         2d4       47%         2
 Ignite Poison            Fire/Tmut/Pois 0%         N/A       71%         3
 Mephitic Cloud           Conj/Pois/Air  0%         N/A       71%         3
 Stone Arrow              Conj/Erth      0%         3d7       71%         3
 Tukima's Dance           Hex            0%         N/A       71%         3
 Animate Armour           Summ/Erth      0%         N/A       98%         4
 Fulminant Prism          Conj/Hex       0%         3d6       98%         4
 Passage of Golubria      Tloc           0%         N/A       98%         4
 Freezing Cloud           Conj/Ice/Air   0%         6-21      100%        5
 Yara's Violent Unravell  Hex/Tmut       0%         3d3       100%        5
 Lehudib's Crystal Spear  Conj/Erth      0%         10d2      100%        8


Dungeon Overview and Level Annotations

Branches:
Dungeon (7/15)             Temple (0/1) D:4

Altars:
Hepliaklqana
Kikubaaqudgha
Makhleb
Wu Jian

Annotations:
D:4 exclusion: centaur
D:5 Grinder


Innate Abilities, Weirdness & Mutations

You are a tree.
Your roots penetrate the ground, keeping you stationary.
You cannot be teleported.
You are immune to unholy pain and torment.
Your maximum health is greatly increased.
Your equipment is partially melded.
Your life essence is reduced to manifest your ancestor. (-10% HP)
You are very small and have problems with some larger weapons.
You are too small for most types of armour.
You have supernaturally acute eyesight. (SInv)
((You cover ground extremely quickly. (Speed+++)))


Message History

You shoot a sling bullet.
The sling bullet completely misses the kobold brigand.
You feel very sick.
You shoot a sling bullet.
The sling bullet closely misses the kobold brigand.
You feel very sick.
You shoot a sling bullet.
The sling bullet barely misses the kobold brigand.
You feel very sick.
You shoot a sling bullet.
The sling bullet hits the kobold brigand.
The kobold brigand is heavily wounded.
You feel sick.
The kobold brigand throws a curare-tipped dart.
The curare-tipped dart hits you.
You are lethally poisoned!
You have difficulty breathing.
You feel as though you will be slow longer.
* * * LOW HITPOINT WARNING * * *
You feel very sick.
The kobold brigand throws a curare-tipped dart.
The curare-tipped dart barely misses you.
* * * LOW HITPOINT WARNING * * *
You feel very sick.
* * * LOW HITPOINT WARNING * * *
You feel very sick.
It was a potion of lignification.
You turn into a tree.
Your +0 acid dragon scales melds into your body.
Your roots penetrate the ground.
* * * LOW HITPOINT WARNING * * *
You feel very sick.
The kobold brigand throws a curare-tipped dart.
The curare-tipped dart hits Preben.
It was a potion of might.
You feel very mighty all of a sudden.
* * * LOW HITPOINT WARNING * * *
You feel very sick.
It was a potion of brilliance.
You feel clever all of a sudden.
You die...

.## #........#.....####........##
..# #........#...................
'####........#.........#.......#.
.888#........##......)...).....#.
)...'.#.......#...#.....##+#...#.
.888###........................#.
'######........................#.
..#............................#.
.##.............♣.RK...........##
#.#..........................>.#.
###.....##..............#####..#.
########......#..............#.
#......#.#####.######...
#......#.# #.......... ######.#.#
#..######## #.#.#####..#..R...#
#.......#.......#.#


You could see the friendly Preben the knight and a kobold brigand (ally target).

Vanquished Creatures
  Pikel (D:7)
  An acid dragon (D:7)
  A water moccasin (D:5)
  An ice beast (D:7)
  A hornet zombie (D:7)
  4 sky beasts
  2 black bears
  3 ogres
  A centaur (D:7)
  2 phantoms
  A lemure (D:7)
  A kobold brigand (D:4)
  3 necrophages (D:7)
  3 bullfrogs (D:7)
  6 scorpions
  2 wights (D:7)
  2 howler monkeys (D:7)
  A bullfrog zombie (D:7)
  4 hounds
  A human zombie (D:7)
  An orc priest (D:3)
  2 jellies (D:6)
  3 iguanas
  5 orc wizards
  A killer bee zombie (D:7)
  A mummy (D:7)
  A howler monkey zombie (D:7)
  8 adders
  3 gnolls
  A shadow imp (D:5)
  2 white imps
  An ufetubus (D:7)
  4 worms
  3 dart slugs
  27 orcs
  5 ball pythons
  6 endoplasms
  4 giant cockroaches (D:4)
  7 hobgoblins
  11 jackals
  9 kobolds
  5 quokkas
  2 bats
  5 frilled lizards
  6 goblins
  5 rats
169 creatures vanquished.

Vanquished Creatures (collateral kills)
  A wraith (D:7)
  A basilisk (D:7)
  A yak (D:7)
  A sky beast (D:7)
  A phantom (D:6)
  2 lemures (D:7)
  A bullfrog (D:6)
  A necrophage (D:5)
  A water moccasin zombie (D:7)
  3 wights (D:7)
  A howler monkey (D:7)
  A bullfrog zombie (D:7)
  An iguana (D:7)
  An orc wizard (D:5)
  2 gnolls (D:7)
  An adder (D:6)
20 creatures vanquished.

Vanquished Creatures (others)
  A knight (D:7)
  3 ancestors
4 creatures vanquished.

Grand Total: 193 creatures vanquished

Notes
Turn   | Place    | Note
-------+----------+-------------------------------------------
     0 | D:1      | Ajdolov the Spriggan Hunter began the quest for the Orb.
     0 | D:1      | Reached XP level 1. HP: 10/10 MP: 2/2
    25 | D:1      | Reached skill level 5 in Slings
    56 | D:1      | Reached XP level 2. HP: 14/14 MP: 3/3
   150 | D:1      | Reached XP level 3. HP: 15/18 MP: 4/4
   775 | D:2      | Reached skill level 6 in Slings
   867 | D:2      | Reached XP level 4. HP: 21/22 MP: 5/5
   969 | D:2      | Noticed a scorpion
  1026 | D:2      | Killed a scorpion
  1388 | D:3      | Reached skill level 7 in Slings
  1388 | D:3      | Reached XP level 5. HP: 14/25 MP: 6/6
  1788 | D:3      | Reached skill level 5 in Stealth
  2072 | D:4      | Found a hazy altar of Hepliaklqana.
  2073 | D:4      | Noticed a black bear
  2080 | D:4      | Became a worshipper of Hepliaklqana the Forgotten
  2145 | D:4      | Killed a black bear
  2146 | D:4      | Reached XP level 6. HP: 30/30 MP: 7/7
  2224 | D:4      | Found an ornate altar of the Wu Jian Council.
  2584 | D:4      | Reached skill level 8 in Slings
  2707 | D:4      | Found a staircase to the Ecumenical Temple.
  3026 | D:4      | Reached XP level 7. HP: 10/33 MP: 8/8
  3468 | D:4      | Reached skill level 9 in Slings
  3795 | D:5      | Entered Level 5 of the Dungeon
  4598 | D:5      | Noticed Grinder
  4785 | D:5      | Found a burning altar of Makhleb.
  4785 | D:5      | Reached * piety under Hepliaklqana
  4844 | D:5      | Reached skill level 10 in Slings
  5008 | D:5      | Reached XP level 8. HP: 33/33 MP: 9/9
  5515 | D:5      | Reached skill level 11 in Slings
  6619 | D:6      | Reached skill level 10 in Stealth
  6660 | D:6      | Reached skill level 12 in Slings
  6989 | D:6      | Reached XP level 9. HP: 36/36 MP: 10/10
  7165 | D:7      | Reached ** piety under Hepliaklqana
  7166 | D:7      | Remembered your ancestor Preben as a knight
  7314 | D:7      | Noticed Pikel
  7340 | D:7      | Killed Pikel
  7341 | D:7      | Reached skill level 13 in Slings
  7873 | D:7      | Reached skill level 14 in Slings
  8236 | D:7      | Found an ancient bone altar of Kikubaaqudgha.
  8487 | D:7      | Reached XP level 10. HP: 41/41 MP: 11/11
  8602 | D:7      | Reached skill level 15 in Slings
  8791 | D:7      | HP: 1/61 [poisoned by a kobold brigand (curare-tipped
                  | dart)]
  8792 | D:7      | Succumbed to a kobold brigand's curare-tipped dart

Illustrated notes

Levels and vault maps discovered:
D:1:      lightli_arrival_noodles, layout_basic, minmay_tromino_v2
D:2:      layout_loops_ring, chequers_serial_rivers_micro_b
D:3:      layout_rooms
D:4:      minmay_opposing_rooms, layout_basic, mainiacjoe_overflow_24_doors,
          mainiacjoe_overflow_tiny_flanked, minmay_temple_entry_glass
D:5:      layout_loops_corners, nicolae_overflow_hidden_temple,
          amcnicky_mini_corridor_feature, uniq_grinder
D:6:      layout_basic
D:7:      minmay_chambers_of_sevens, layout_basic,
          lemuel_mausoleum_altar_kikubaaqudgha, uniq_pikel

Skill      XL: |  1  2  3  4  5  6  7  8  9 10 |
---------------+-------------------------------+-----
Slings         | 5 6 7 8 10 12 14 15 | 15.1
Stealth        | 2 3 4 5 6 8 10 12 13 | 13.3
Fighting       | |  1.5
Dodging        | |  2.6

Action                   |  1- 3 |  4- 6 |  7- 9 | 10-12 || total
-------------------------+-------+-------+-------+-------++-------
 Fire: Hunting sling     |   104 |   203 |   501 |    64 ||   872
Throw: Dart              |       |       |     3 |       ||     3
Invok: Recall Ancestor   |       |       |     3 |     1 ||     4
       Ancestor Life: Kn |       |       |     1 |       ||     1
Evoke: Wand              |       |       |       |     2 ||     2
  Use: Scroll            |     1 |       |       |       ||     1
       Potion            |       |       |       |     3 ||     3
Armor: Robe              |     4 |     5 |     2 |       ||    11
Dodge: Dodged            |    30 |    49 |    61 |     2 ||   142

Table legend: (Time is in decaauts)
 A = Elapsed time spent in this place.
 B = Non-inter-level travel time spent in this place.
 C = Inter-level travel time spent in this place.
 D = Time resting spent in this place.
 E = Time spent auto-exploring this place.
 F = Levels seen in this place.
 G = Mean time per level.
                   A        B        C        D        E       F      G
               +--------+--------+--------+--------+--------+-----+--------+
         Total |   6761 |   6621 |    140 |   1452 |   3582 |   7 |  965.9 |
       Dungeon |   6761 |   6621 |    140 |   1452 |   3582 |   7 |  965.9 |
               +--------+--------+--------+--------+--------+-----+--------+

Top non-repeatable levels by time:
     D:4: 2006 daAuts
     D:5: 1279 daAuts
     D:7: 1221 daAuts
     D:6: 765 daAuts
     D:1: 551 daAuts
     D:2: 522 daAuts
     D:3: 415 daAuts
